 Dungeon Crawl Stone Soup version 0.14-a0-987-gc8002fa (webtiles) character file.

1924 PolkaDot the Conjurer (level 8, 0/52 HPs)
             Began as a Vampire Conjurer on Nov 21, 2013.
             Was a Believer of Vehumet.
             Killed from afar by an orc priest (13 damage)
             ... with a wand of cold
             ... on Level 7 of the Dungeon.
             The game lasted 00:27:37 (6708 turns).

PolkaDot the Conjurer (Vampire Conjurer)            Turns: 6708, Time: 00:27:37

HP   0/52        AC  7     Str  7      XL: 8   Next: 87%
MP   7/17        EV 12     Int 19      God: Vehumet [**....]
Gold 90          SH  0     Dex 14      Spells:  4 memorised,  2 levels left

Res.Fire  : . . .   See Invis. : +   i - +1,+4 quarterstaff (crush)
Res.Cold  : . . .   Warding    : .   a - +1 robe
Life Prot.: . . .   Conserve   : .   (no shield)
Res.Poison: .       Res.Corr.  : .   (no helmet)
Res.Elec. : .       Clarity    : .   f - +0 elf cloak
Sust.Abil.: . .     Spirit.Shd : .   (no gloves)
Res.Mut.  : .       Stasis     : .   (no boots)
Res.Rott. : .       Flight     : .   (no amulet)
Saprovore : . . .                    e - +3 ring of protection
                                     h - cursed ring of wizardry

@: regenerating quickly, very slightly contaminated, somewhat resistant to
hostile enchantments, stealthy
A: bottle blood, fangs 3, see invisible, unbreathing
a: Bottle Blood, Renounce Religion


You were on level 7 of the Dungeon.
You worshipped Vehumet.
Vehumet was pleased with you.
You were full.

You visited 2 branches of the dungeon, and saw 8 of its levels.
You also visited: Sewer.

You collected 276 gold pieces.
You spent 186 gold pieces at shops.

Inventory:

Hand weapons
 i - a +1,+4 quarterstaff of crushing (weapon)
Armour
 a - a +1 robe (worn)
 f - a +0 elven cloak (worn)
 g - a +0 buckler
Magical devices
 b - a wand of fire (8)
 C - a wand of hasting (2)
Scrolls
 d - a scroll of fear {unknown}
 m - 2 scrolls of curse armour {unknown}
 p - 5 scrolls of blinking {unknown}
 s - 2 scrolls of amnesia {unknown}
 t - 6 scrolls of remove curse
 u - a scroll of enchant weapon I {unknown}
 x - a scroll of immolation {unknown}
 y - a scroll of enchant weapon II {unknown}
 D - a scroll of recharging
 E - 3 scrolls of teleportation
Jewellery
 e - a +3 ring of protection (right hand)
 h - a cursed ring of wizardry (left hand)
 B - an uncursed ring of wizardry
Potions
 l - 2 potions of magic
 o - a potion of restore abilities
 z - a potion of flight {unknown}
 A - a potion of paralysis {unknown}
Books
 c - a book of Conjurations

   Spells                             Type                      Level
   *Magic Dart                        Conjuration                  1
   *Searing Ray                       Conjuration                  2
   Dazzling Spray                     Conjuration/Hexes            3
   *Iskenderun's Mystic Blast         Conjuration                  4
   *Iskenderun's Battlesphere         Conjuration/Charms           4
   Fulminant Prism                    Conjuration/Hexes            5


   Skills:
 - Level 2.1 Dodging
 - Level 3.0 Stealth
 - Level 3.1 Spellcasting
 * Level 8.1 Conjurations
 + Level 5.4 Charms


You had 2 spell levels left.
You knew the following spells:

 Your Spells              Type           Power        Failure   Level  Hunger
a - Magic Dart            Conj           ####         1%          1    None
d - Iskenderun's Mystic   Conj           ####....     3%          4    ####...
s - Searing Ray           Conj           ####..       1%          2    ##.....
z - Iskenderun's Battles  Conj/Chrm      ####....     4%          4    ####...


Dungeon Overview and Level Annotations

Branches:
Dungeon (7/16)             Temple (1/1) D:4

Altars:
Ashenzari
Cheibriados
Elyvilon
Fedhas
Kikubaaqudgha
Makhleb
Nemelex Xobeh
Okawaru
Sif Muna
Trog
Vehumet
Xom
Yredelemnul
Zin
the Shining One

Shops:
D:6 ?


Innate Abilities, Weirdness & Mutations

Your natural rate of healing is unusually fast.
You can bottle blood from corpses.
You have razor-sharp teeth.*
You have supernaturally acute eyesight.
You can survive without breathing.*


Message History

You feel better.
The orc priest zaps a wand.
The bolt of cold misses you.
You close the door.
You start resting.
An orc priest opens the door.
It is wielding an orcish flail.
Casting: Searing Ray
Confirm with . or Enter, or press ? or * to list all spells.
Aiming: Searing Ray
Press: ? - help, Shift-Dir - straight line, f - orc priest
Aim: an orc priest, wielding an orcish flail and carrying a wand of cold {zapped: 2} The searing ray hits the orc priest.
The orc priest is moderately wounded.
The searing ray hits the orc priest.
The orc priest is heavily wounded.
The orc priest zaps a wand.
The bolt of cold hits you!
* * * LOW HITPOINT WARNING * * *
The searing ray hits the orc priest.
The orc priest is almost dead.
The orc priest zaps a wand.
The bolt of cold hits you!
You die...

#.......#
#.......#
#######
#.......#
#.....#
#.......#
#.....#
###....(#
#.....####
#(....#
#..<.....#
#.....#
########.#
####o##
########.#
#@#
#.....##.#
#.#
#.....##'####
#)#
#............
#.#
#............
#.#
#............
#.#
#...........>
#.#
#............
#.#
#####........
#.#
#.........


You could see an orc priest.

Vanquished Creatures
  An orc warrior (D:6)
  A sky beast (D:6)
  A centaur (D:6)
  2 phantoms (D:4)
  2 ogres (D:4)
  Sigmund (D:6)
  4 giant frogs
  5 killer bees (D:7)
  2 crimson imps (D:5)
  2 orc priests (D:3)
  3 worker ants
  3 orc wizards
  A scorpion (D:5)
  A hound (D:6)
  2 hound zombies (D:5)
  7 adders
  7 gnolls
  2 giant mites (Sewer)
  3 worms
  3 iguana skeletons (D:6)
  An iguana zombie (D:6)
  6 giant geckos
  An ooze (D:6)
  9 orcs
  A ball python (Sewer)
  14 bats
  A bat skeleton (D:2)
  11 giant cockroaches
  20 goblins
  12 hobgoblins
  13 jackals
  6 kobolds
  3 quokkas
  10 giant newts
  2 kobold skeletons
  3 orc skeletons
  A quokka skeleton (D:4)
  8 rats
  A rat zombie (D:2)
176 creatures vanquished.

Notes
Turn   | Place    | Note
--------------------------------------------------------------
     0 | D:1      | PolkaDot, the Vampire Conjurer, began the quest for the Orb.
     0 | D:1      | Reached XP level 1. HP: 13/13 MP: 4/4
   481 | D:1      | Reached XP level 2. HP: 16/19 MP: 2/5
   764 | D:1      | Learned a level 2 spell: Searing Ray
   909 | D:1      | Reached XP level 3. HP: 24/24 MP: 6/6
  1711 | D:2      | Reached skill level 4 in Conjurations
  1866 | D:2      | Reached XP level 4. HP: 18/30 MP: 1/8
  2634 | D:3      | Found a glowing drain.
  2638 | Sewer    | Entered a sewer
  2682 | Sewer    | Reached XP level 5. HP: 30/35 MP: 9/9
  3380 | Sewer    | Noticed a giant frog
  3384 | Sewer    | Killed a giant frog
  3384 | Sewer    | Reached skill level 5 in Conjurations
  3463 | Sewer    | Noticed a giant frog
  3469 | Sewer    | Killed a giant frog
  3469 | Sewer    | Reached XP level 6. HP: 36/41 MP: 7/12
  3957 | D:3      | Learned a level 4 spell: Iskenderun's Mystic Blast
  4125 | D:4      | Learned a level 4 spell: Iskenderun's Battlesphere
  4154 | D:4      | Found a staircase to the Ecumenical Temple.
  4166 | Temple   | Entered the Ecumenical Temple
  4329 | Temple   | Became a worshipper of Vehumet
  4466 | D:4      | Reached skill level 1 in Charms
  4466 | D:4      | Reached XP level 7. HP: 46/46 MP: 10/15
  4474 | D:4      | Reached skill level 6 in Conjurations
  4984 | D:5      | Entered Level 5 of the Dungeon
  5137 | D:5      | Acquired Vehumet's first power
  5137 | D:5      | Offered knowledge of Sandblast by Vehumet.
  5255 | D:5      | Reached XP level 8. HP: 52/52 MP: 17/17
  5477 | D:6      | Reached skill level 7 in Conjurations
  5733 | D:6      | Noticed Sigmund
  5741 | D:6      | Killed Sigmund
  5752 | D:6      | Found Fra Fes' Magic Scroll Shop.
  5765 | D:6      | Bought a scroll of identify for 24 gold pieces
  5765 | D:6      | Bought a scroll of recharging for 66 gold pieces
  5765 | D:6      | Bought a scroll of identify for 24 gold pieces
  5765 | D:6      | Bought a scroll of teleportation for 36 gold pieces
  5765 | D:6      | Bought a scroll of teleportation for 36 gold pieces
  6597 | D:7      | Reached skill level 5 in Charms
  6685 | D:7      | Reached skill level 8 in Conjurations
  6708 | D:7      | Killed from afar by an orc priest

Action                   |  1- 3 |  4- 6 |  7- 9 || total
-------------------------+-------+-------+-------++-------
Melee: Unarmed           |     8 |       |       ||     8
       Dagger            |    90 |    58 |       ||   148
       Quarterstaff      |       |    55 |   137 ||   192
 Cast: Magic Dart        |    48 |    44 |     8 ||   100
       Searing Ray       |     3 |    16 |    12 ||    31
       Iskenderun's Batt |       |       |     3 ||     3
       Iskenderun's Myst |       |       |     1 ||     1
Evoke: Wand              |       |       |     3 ||     3
  Use: Scroll            |       |     6 |     5 ||    11
       Potion            |       |     6 |     3 ||     9
 Stab: Sleeping          |     1 |     3 |     7 ||    11
       Distracted        |       |       |     1 ||     1
